 Dungeon Crawl Stone Soup version 0.29.0-4-gdea44cf6ec (webtiles) character file.

Game seed: 15208592056021749261

158 qw the Chopper (level 5, 0/30 HPs)
             Began as a Tengu Warper on Aug 28, 2022.
             Was an Initiate of Okawaru.
             Slain by an iguana (9 damage)
             ... on level 4 of the Dungeon.
             The game lasted 00:00:19 (4008 turns).

qw the Chopper (Tengu Warper)                       Turns: 4008, Time: 00:00:20

Health: 0/30       AC: 12    Str: 14    XL:     5   Next: 39%
Magic:  9/9        EV:  5    Int: 13    God:    Okawaru [......]
Gold:   166        SH:  0    Dex: 13    Spells: 8/8 levels left

rFire   + . .      SeeInvis .   Y - +1 hand axe
rCold   . . .      Faith    .   (no shield)
rNeg    . . .      Spirit   .   f - +0 plate armour
rPois   .          Reflect  .   (helmet restricted)
rElec   .          Harm     .   i - +0 cloak
rCorr   .          Rampage  .   (no gloves)
Will    .....                   (boots unavailable)
Stlth   ..........              (no amulet)
HPRegen 0.10/turn               b - ring of protection from fire
MPRegen 0.11/turn               (no ring)

@: flying quickly and evasively, quick
A: beak, talons 3, nimble flight
a: Renounce Religion


You were on level 4 of the Dungeon.
You worshipped Okawaru.
Okawaru was noncommittal.
You visited 1 branch of the dungeon, and saw 4 of its levels.

You collected 211 gold pieces.
You spent 45 gold pieces at shops.


Innate Abilities, Weirdness & Mutations

You have a beak for a mouth.
You have claws for feet.
Your magical nature lets you fly swiftly and evasively.


   Skills:
 - Level 2.0 Fighting
 + Level 5.6 Axes
 - Level 1.0 Throwing
 - Level 2.2 Armour
 - Level 2.1 Dodging
 - Level 2.0 Spellcasting
 - Level 2.4 Translocations


You had 8 spell levels left.
You didn't know any spells.
Your spell library contained the following spells:

 Spells                   Type           Power      Damage    Failure   Level
 Blink                    Tloc           14%        N/A       100%        2
 Gell's Gravitas          Tloc           7%         N/A       100%        3
 Lesser Beckoning         Tloc           7%         N/A       100%        3
 Teleport Other           Tloc           7%         N/A       100%        3
 Manifold Assault         Tloc           7%         N/A       100%        5

Inventory:

Hand Weapons
 c - a +0 morningstar
 Y - a +1 hand axe (weapon)
Armour
 f - a +0 plate armour (worn)
 i - a +0 cloak (worn)
Jewellery
 a - an amulet of faith
 b - a ring of protection from fire (left hand)
Scrolls
 h - 5 scrolls of teleportation
 k - 2 scrolls of identify
Potions
 d - a potion of invisibility {unknown}
 e - a potion of curing

Dungeon Overview and Level Annotations

Branches:
Dungeon (4/15)
 Temple: D:4-7

Altars:
Okawaru
Trog
Yredelemnul

Shops:
D:2 (   D:4 :

Annotations:
D:2 1 runed translucent door, Crazy Yiuf


Message History

The endoplasm is severely wounded.
The endoplasm hits you but does no damage.
You hit the endoplasm.
You kill the endoplasm!
Okawaru accepts your kill.
You hit the iguana but do no damage. You peck the iguana.
The iguana is lightly wounded.
You hit the hound. The hound bites you but does no damage.
The iguana bites you but does no damage.
The hound bites you but does no damage.
You hit the hound. Your kick misses the hound.
The hound is heavily wounded.
You hit the iguana. The iguana barely misses you.
The hound bites you but does no damage.
You miss the hound. Your peck misses the hound.
The hound is heavily wounded.
You hit the iguana but do no damage. The hound barely misses you.
The iguana bites you! The hound bites you but does no damage.
You hit the hound. Your kick misses the hound.
The hound is severely wounded.
You hit the iguana. The iguana bites you! The hound bites you.
You closely miss the hound. Your kick misses the hound.
The hound is severely wounded.
You hit the iguana. The hound bites you but does no damage.
The iguana bites you but does no damage.
The hound bites you but does no damage.
You closely miss the iguana. You peck the iguana.
The iguana is almost dead.
You closely miss the hound.
The iguana bites you but does no damage.
The hound barely misses you.
You hit the iguana but do no damage. Your kick misses the iguana.
The iguana is almost dead.
You hit the hound. The hound barely misses you. The iguana bites you!
You die...

#....# #....# #....#
#....# #....' #....#
#(...###### #....#
#.......... #....#
#.......... #....#
#.......... #....#
#..lh...... #<...#
###@###+# .
#....#..+.......#...
#....#..#.......'...
#....#..#.......#..
#....#..###'##..#
#....#..##..##..#
#....#..........#
#....#......##..#
#....#......##..#


You could see an iguana and a hound.

Vanquished Creatures
  An orc wizard (D:4)
  4 gnolls (D:3)
  2 adders
  4 dart slugs
  An orc (D:4)
  3 bats
  8 endoplasms
  3 giant cockroaches
  6 goblins
  4 hobgoblins
  3 jackals (D:1)
  3 quokkas
  8 ball pythons
  4 frilled lizards
  7 kobolds
  4 rats (D:1)
65 creatures vanquished.

Notes
Turn   | Place    | Note
-------+----------+-------------------------------------------
     0 | D:1      | qw the Tengu Warper began the quest for the Orb.
     0 | D:1      | Reached XP level 1. HP: 12/12 MP: 4/4
     0 | D:1      | 0 ||| qw: Version: 0.1-a-89-g26bdef1
     0 | D:1      | 0 ||| qw: Game counter: 2815
     0 | D:1      | 0 ||| qw: Always use a shield: true
     0 | D:1      | 0 ||| qw: God list: Okawaru
     0 | D:1      | 0 ||| qw: Allow faded altars: false
     0 | D:1      | 0 ||| qw: Do Orc after D:15 true
     0 | D:1      | 0 ||| qw: Do second Lair branch before Depths: true
     0 | D:1      | 0 ||| qw: Lair rune preference: random
     0 | D:1      | 0 ||| qw: Plans: Normal
     0 | D:1      | 0 ||| PLANNING D:1-11
   227 | D:1      | Reached skill level 3 in Axes
   227 | D:1      | Reached XP level 2. HP: 16/17 MP: 6/6
   267 | D:1      | Found a faded altar of an unknown god.
   297 | D:1      | 297 ||| Stepping ~*~*~tactically~*~*~ (stealth).
   588 | D:1      | 588 ||| DROPPING +0 club.
   641 | D:1      | Reached XP level 3. HP: 21/21 MP: 7/7
   686 | D:1      | 686 ||| Stepping ~*~*~tactically~*~*~ (stealth).
   695 | D:1      | Reached skill level 4 in Axes
  1071 | D:1      | 1071 ||| Stepping ~*~*~tactically~*~*~ (stealth).
  1243 | D:1      | 1243 ||| UPGRADING to +0 cloak.
  1248 | D:1      | 1248 ||| UPGRADING to +0 scale mail.
  1258 | D:1      | 1258 ||| DROPPING +0 leather armour.
  1259 | D:1      | 1259 ||| DROPPING ring of flight.
  1260 | D:1      | 1260 ||| READING 2 scrolls labelled ORIABIDUIRCH.
  1261 | D:1      | 1261 ||| READING scroll labelled EJEBATHEPN.
  1262 | D:1      | 1262 ||| READING 3 scrolls labelled LIONEOBITE.
  1265 | D:1      | 1265 ||| READING 4 scrolls labelled GONE DA DIRE.
  1266 | D:1      | 1266 ||| DRINKING 2 fizzy inky potions.
  1267 | D:1      | 1267 ||| DRINKING 2 viscous puce potions.
  1368 | D:1      | 1368 ||| DROPPING scroll of vulnerability.
  1369 | D:1      | 1369 ||| DROPPING scroll of blinking.
  1370 | D:1      | 1370 ||| DROPPING potion of ambrosia.
  1410 | D:2      | Found Afigur's Weapon Shop.
  1424 | D:2      | 1424 ||| BUYING +0 flail (45 gold).
  1424 | D:2      | Bought a +0 flail for 45 gold pieces
  1424 | D:2      | 1424 ||| SHOPLISTING +2 broad axe of holy wrath (249 gold,
                  | have 73).
  1424 | D:2      | 1424 ||| DROPPING +0 mace.
  1572 | D:2      | 1572 ||| Stepping ~*~*~tactically~*~*~ (stealth).
  1734 | D:2      | Reached XP level 4. HP: 25/26 MP: 8/8
  1813 | D:2      | Found a runed translucent door.
  1814 | D:2      | Noticed Crazy Yiuf
  2205 | D:2      | 2205 ||| UPGRADING to +0 plate armour.
  2215 | D:2      | 2215 ||| DROPPING +0 scale mail.
  2216 | D:2      | 2216 ||| READING scroll labelled FOUGRO ZEASA.
  2217 | D:2      | 2217 ||| READING scroll labelled KAOGOI ZUENOROD.
  2218 | D:2      | 2218 ||| READING 3 scrolls of identify.
  2218 | D:2      | 2218 ||| IDENTIFYING silvery potion
  2219 | D:2      | 2219 ||| DROPPING potion of degeneration.
  2391 | D:3      | Found a basalt altar of Yredelemnul.
  2432 | D:3      | Identified the +5 long sword of the Unseen Realm {vamp,
                  | Str+3}
  2518 | D:3      | 2518 ||| Stepping ~*~*~tactically~*~*~ (hiding).
  2618 | D:3      | Reached skill level 5 in Axes
  2846 | D:3      | 2846 ||| Stepping ~*~*~tactically~*~*~ (hiding).
  2852 | D:3      | Gained mutation: Your magical nature lets you fly swiftly
                  | and evasively. [Tengu growth]
  2852 | D:3      | Reached XP level 5. HP: 30/30 MP: 9/9
  2998 | D:3      | 2998 ||| DROPPING +0 flail.
  3035 | D:3      | Found a bloodstained altar of Trog.
  3036 | D:3      | 3036 ||| Stepping ~*~*~tactically~*~*~ (hiding).
  3047 | D:3      | HP: 7/30 [gnoll/+0 spear (2)]
  3048 | D:3      | 3048 ||| READING 7 scrolls of teleportation.
  3387 | D:3      | Found an iron altar of Okawaru.
  3395 | D:3      | Became a worshipper of Warmaster Okawaru
  3574 | D:3      | 3574 ||| DROPPING ring of magical power.
  3575 | D:3      | 3575 ||| UPGRADING to ring of protection from fire.
  3636 | D:4      | Found Tiogizeo's Book Shop.
  3665 | D:4      | 3665 ||| Stepping ~*~*~tactically~*~*~ (hiding).
  3666 | D:4      | 3666 ||| Stepping ~*~*~tactically~*~*~ (hiding).
  3671 | D:4      | 3671 ||| DRINKING 2 potions of curing.
  3671 | D:4      | 3671 ||| (to cure confusion)
  3679 | D:4      | HP: 5/30 [orc priest/+0 war axe (8)]
  3680 | D:4      | 3680 ||| READING 6 scrolls of teleportation.
  3681 | D:4      | HP: 2/30 [orc priest/+0 war axe (2)]
  4008 | D:4      | Slain by an iguana

Levels and vault maps discovered:
D:1:      minmay_arrival_shoal_huts, layout_basic,
          dreamdust_ecumenical_altar_grove, minmay_hexomino_c4
D:2:      layout_basic, serial_shops, shop, nrook_uturn, uniq_crazy_yiuf_cottage
D:3:      layout_basic, grunt_temple_overflow_bloody_war,
          mainiacjoe_overflow_six_doors_small
D:4:      layout_gridville, marbit_many_paths, mainiacjoe_overflow_brackets,
          ebering_ghost_sewer_d, serial_shops, nicolae_shop_crystal,
          uniq_eustachio

Skill      XL: |  1  2  3  4 |
---------------+-------------+-----
Axes           | 3 4 5 |  5.6
Armour         | 2 |  2.2
Fighting       | |  2.0
Throwing       | |  1.0
Dodging        | |  2.1
Spellcasting   | |  2.0
Translocations | |  2.4

Action                   |  1- 3 |  4- 6 || total
-------------------------+-------+-------++-------
Melee: Hand axe          |    84 |    77 ||   161
       Kick              |    19 |    19 ||    38
       Peck              |     9 |    18 ||    27
       Punch             |     2 |       ||     2
Throw: Boomerang         |     7 |       ||     7
  Use: Scroll            |     4 |     5 ||     9
       Potion            |     2 |     1 ||     3
Armor: Leather armour    |    16 |       ||    16
       Scale mail        |     6 |     2 ||     8
       Plate armour      |       |    48 ||    48
Dodge: Dodged            |    44 |    22 ||    66

Table legend:
 A = Non-vault XP
 B = Vault XP
 C = Vault XP percentage of total XP
 D = Non-vault monster count
 E = Vault monster count
 F = Vault count percentage of total count
                 A         B        C        D         E       F
            +---------+---------+-------+---------+---------+-------
      Total |     199 |      27 |  11.9 |      57 |       8 |  12.3
            +---------+---------+-------+---------+---------+-------
        D:1 |      49 |      12 |  19.7 |      28 |       7 |  20.0
        D:2 |      32 |       0 |   0.0 |      10 |       0 |   0.0
        D:3 |      75 |      15 |  16.7 |      15 |       1 |   6.2
        D:4 |      43 |       0 |   0.0 |       4 |       0 |   0.0
            +---------+---------+-------+---------+---------+-------
